 Dungeon Crawl Stone Soup version 0.31-a0-177-g4aa6249778 (webtiles) character file.

Game seed: 4379928863726925376

3612 qw the Cleaver (level 10, -13/59 HPs)
             Began as a Gargoyle Fighter on June 18, 2023.
             Mangled by a two-headed ogre
             ... wielding a +0 giant club
              (16 damage)
             ... on level 7 of the Dungeon.
             The game lasted 00:03:08 (6155 turns).

qw the Cleaver (Gargoyle Fighter)                   Turns: 6155, Time: 00:03:09

Health: -13/59     AC: 16    Str: 23    XL:     10   Next: 11%
Magic:  10/10      EV:  6    Int: 10    God:
Gold:   454        SH: 15    Dex:  9    Spells: 9/9 levels left

rFire   + . .        Y - +1 war axe
rCold   . . .        h - +0 tower shield
rNeg    + . .        o - +0 chain mail
rPois   inf          (no helmet)
rElec   +            (no cloak)
rCorr   .            (no gloves)
SInv    .            (no boots)
Will    .....        (no amulet) Stlth
                     j - ring of protection from fire
HPRegen 0.29/turn    p - +4 ring of slaying {mikee}
MPRegen 0.12/turn

%: no passive effects
@: about to teleport
A: sickness immunity, AC +7, negative energy resistance 1, electricity
resistance, torment resistance 1, petrification resistance
a: no special abilities


You were on level 7 of the Dungeon.
You visited 2 branches of the dungeon, and saw 8 of its levels.

You collected 568 gold pieces.
You spent 114 gold pieces at shops.


Innate Abilities, Weirdness & Mutations

You are immune to sickness and miasma.
Your stone body is resilient. (AC +7)
You are immune to poison.
You resist negative energy. (rN+)
You are resistant to electric shocks. (rElec)
You are resistant to unholy torment.
You are immune to petrification.


   Skills:
 - Level 5.5 Fighting
 - Level 11.9 Axes
 - Level 3.2 Armour
 - Level 1.3 Dodging
 + Level 10.4 Shields


You had 9 spell levels left.
You didn't know any spells.
Your spell library was empty.

Inventory:

Hand Weapons
 i - a +0 flail
 s - the +7 mace "Eviscerator" {flame, rF+}
   (You found it on level 5 of the Dungeon)

   rF:        It protects you from fire.
 Y - a +1 war axe (weapon)
Armour
 h - a +0 tower shield (worn)
 o - a +0 chain mail (worn)
Jewellery
 c - a +6 ring of dexterity
 e - a +6 ring of strength
 j - a ring of protection from fire (left hand)
 p - a +4 ring of slaying (right hand) {mikee}
 r - a ring of resist corrosion
Wands
 f - a wand of digging (5)
Scrolls
 a - a scroll of teleportation
 n - 2 scrolls of identify
Potions
 b - a potion of cancellation
 d - a potion of might
 g - 2 potions of attraction
 k - a potion of haste
 l - a potion of enlightenment
 m - 3 potions of curing
 q - a potion of magic
 t - 2 potions of lignification {unknown}
 v - 2 potions of resistance {unknown}

Dungeon Overview and Level Annotations

Branches:
Dungeon (7/15)             Temple (1/1) D:6

Altars:
Cheibriados
Elyvilon
Fedhas
Gozag
Hepliaklqana
Kikubaaqudgha
Makhleb
Nemelex Xobeh
Qazlal
Ru
Sif Muna
Trog
Uskayaw
Vehumet
Wu Jian
Xom
Yredelemnul
Zin
The Shining One

Shops:
D:2 ?

Annotations:
D:1 1 transporter
D:4 2 transporters, qw's ghost, amateur GrHu
D:7 4 runed translucent doors


Message History

You hit the wight.
The wight is lightly damaged.
The iguana hisses menacingly.
You block the wight's attack.
You closely miss the wight. You block the wight's attack.
You hit the wight.
The wight is moderately damaged.
You block the wight's attack.
You barely miss the wight.
The wight is moderately damaged.
The wight hits you with a +2 scimitar.
You closely miss the wight.
The wight is moderately damaged.
The wight barely misses you.
You hit the wight.
The wight is moderately damaged.
You barely miss the two-headed ogre. You slash the two-headed ogre!
The two-headed ogre is moderately wounded.
You block the two-headed ogre's attack.
The two-headed ogre hits you with a +0 giant club!
You hit the two-headed ogre.
The two-headed ogre is moderately wounded.
The two-headed ogre hits you but does no damage.
The two-headed ogre hits you with a +0 giant club!!
You hit the two-headed ogre.
The two-headed ogre is heavily wounded.
You closely miss the two-headed ogre.
The two-headed ogre is heavily wounded.
The two-headed ogre hits you with a +0 giant club! x2
6154 ||| READING 2 scrolls of teleportation.
As you read the scroll of teleportation, it crumbles to dust.
You feel strangely unstable. You block the two-headed ogre's attack.
The two-headed ogre closely misses you.
You slice the two-headed ogre!!
The two-headed ogre is almost dead.
The two-headed ogre hits you with a +0 giant club.
The two-headed ogre hits you with a +0 giant club!
You die...

#...#8....8#
#}.#.##.###
###.#=....$# ######..#
####.#$....=# #..#
#....#8.J..8# ##.#
##....##8JK8####### #.#
.......##++##.'.#.##
#.#
##............#..#.#
#.#
#............#.####.#.#
###.######...##@Ozl##.#
#..# #.#..######..#
##.# #.##........## #.#
#..........## #.#
############ ####.###
##......# ~#)##.#.#
~#.##.#.#


You could see a two-headed ogre, an iguana and a wight.

Vanquished Creatures
  A cyclops (D:7)
  A wyvern (D:7)
  A sky beast (D:7)
  3 ice beasts
  2 ogres (D:5)
  3 centaurs (D:7)
  3 phantoms
  A kobold brigand (D:6)
  4 bullfrogs
  2 gnoll sergeants (D:6)
  3 scorpions
  5 wights (D:7)
  3 killer bees (D:7)
  A jelly (D:4)
  6 hounds
  3 orc priests
  2 sleepcaps
  An iguana (D:5)
  2 orc wizards
  8 gnolls
  9 adders
  A shadow imp (D:5)
  A white imp (D:7)
  2 ufetubi
  2 worms
  2 dart slugs (D:1)
  26 orcs
  4 endoplasms
  5 giant cockroaches
  6 goblins
  5 hobgoblins
  A quokka (D:1)
  4 ball pythons
  7 bats
  5 frilled lizards
  4 kobolds
  6 rats
145 creatures vanquished.

Notes
Turn   | Place    | Note
-------+----------+-------------------------------------------
     0 | D:1      | qw the Gargoyle Fighter began the quest for the Orb.
     0 | D:1      | Reached XP level 1. HP: 14/14 MP: 1/1
     0 | D:1      | 0 ||| qw: Version: 0.3-a-5-g6f28e65
     0 | D:1      | 0 ||| qw: Game counter: 623
     0 | D:1      | 0 ||| qw: Always use a shield: true
     0 | D:1      | 0 ||| qw: God list: Okawaru
     0 | D:1      | 0 ||| qw: Allow faded altars: false
     0 | D:1      | 0 ||| qw: Do Orc after D:15 true
     0 | D:1      | 0 ||| qw: Do second Lair branch before Depths: true
     0 | D:1      | 0 ||| qw: Lair rune preference: random
     0 | D:1      | 0 ||| qw: Plans: Normal, Zot:1-4, Slime:5, God:TSO, Crypt,
                  | Tomb, Abyss, Pan, Hells, Win
     0 | D:1      | 0 ||| PLANNING D:1-11
    56 | D:1      | Reached skill level 2 in Axes
    59 | D:1      | 59 ||| Stepping ~*~*~tactically~*~*~ (hiding).
    60 | D:1      | 60 ||| Stepping ~*~*~tactically~*~*~ (hiding).
    61 | D:1      | 61 ||| Stepping ~*~*~tactically~*~*~ (hiding).
    62 | D:1      | 62 ||| Stepping ~*~*~tactically~*~*~ (hiding).
   258 | D:1      | 258 ||| Stepping ~*~*~tactically~*~*~ (stealth).
   259 | D:1      | 259 ||| Stepping ~*~*~tactically~*~*~ (stealth).
   267 | D:1      | Reached XP level 2. HP: 13/19 MP: 2/2
   294 | D:1      | 294 ||| DROPPING +0 whip.
   433 | D:1      | Reached skill level 3 in Axes
   435 | D:1      | Reached XP level 3. HP: 23/23 MP: 3/3
   447 | D:1      | 447 ||| Stepping ~*~*~tactically~*~*~ (hiding).
   925 | D:1      | 925 ||| UPGRADING to +0 tower shield.
   935 | D:1      | 935 ||| DROPPING +0 buckler.
   936 | D:1      | 936 ||| UPGRADING to ring of protection from fire.
   937 | D:1      | 937 ||| READING scroll labelled TAQIUN INOP.
  1023 | D:2      | 1023 ||| Stepping ~*~*~tactically~*~*~ (stealth).
  1178 | D:2      | Reached XP level 4. HP: 28/28 MP: 4/4
  1396 | D:2      | Found Vockodyj's Magic Scroll Emporium.
  1399 | D:2      | 1399 ||| BUYING scroll of enchant weapon (90 gold).
  1399 | D:2      | Bought a scroll of enchant weapon for 90 gold pieces
  1399 | D:2      | 1399 ||| BUYING scroll of identify (24 gold).
  1399 | D:2      | Bought a scroll of identify for 24 gold pieces
  1399 | D:2      | 1399 ||| SHOPLISTING scroll of identify (24 gold, have 1).
  1399 | D:2      | 1399 ||| READING scroll of enchant weapon.
  1399 | D:2      | 1399 ||| ENCHANTING +0 war axe.
  1465 | D:2      | 1465 ||| READING 2 scrolls labelled ACSUIB LYOSEOF.
  1466 | D:2      | 1466 ||| READING scroll labelled NEUZXO HUROOC.
  1467 | D:2      | 1467 ||| DROPPING scroll of noise.
  1506 | D:3      | Noticed a scorpion
  1513 | D:3      | Killed a scorpion
  1514 | D:3      | Reached XP level 5. HP: 27/32 MP: 5/5
  1537 | D:3      | Found a stormy altar of Qazlal.
  1613 | D:3      | Found a glowing golden altar of the Shining One.
  1747 | D:3      | 1747 ||| Stepping ~*~*~tactically~*~*~ (stealth).
  1749 | D:3      | 1749 ||| Stepping ~*~*~tactically~*~*~ (stealth).
  1855 | D:3      | Found a faded altar of an unknown god.
  2087 | D:3      | 2087 ||| UPGRADING to +0 chain mail.
  2097 | D:3      | 2097 ||| DROPPING +0 scale mail.
  2098 | D:3      | 2098 ||| UPGRADING to +4 ring of slaying {mikee}.
  2099 | D:3      | 2099 ||| READING 2 scrolls labelled QEBEUG ISORA.
  2103 | D:3      | 2103 ||| READING scroll labelled QAHEUW JAOMUUM.
  2104 | D:3      | 2104 ||| READING scroll labelled KACURCHOQOA.
  2105 | D:3      | 2105 ||| DRINKING 2 bubbling white potions.
  2106 | D:3      | 2106 ||| READING 3 scrolls of identify.
  2106 | D:3      | 2106 ||| IDENTIFYING green potion
  2107 | D:3      | 2107 ||| READING 2 scrolls of identify.
  2107 | D:3      | 2107 ||| IDENTIFYING smoky blue potion
  2108 | D:3      | 2108 ||| DROPPING potion of degeneration.
  2109 | D:3      | 2109 ||| DROPPING potion of invisibility.
  2256 | D:4      | Reached skill level 6 in Shields
  2256 | D:4      | Reached XP level 6. HP: 35/37 MP: 6/6
  2305 | D:4      | Found a transporter.
  2345 | D:4      | Noticed qw's ghost (amateur GrHu)
  2363 | D:4      | Found a transporter.
  2660 | D:4      | 2660 ||| READING scroll labelled ASOWNU ONUE.
  2661 | D:4      | 2661 ||| READING 3 scrolls of identify.
  2661 | D:4      | 2661 ||| IDENTIFYING metallic pink potion
  2662 | D:4      | 2662 ||| READING 2 scrolls of identify.
  2662 | D:4      | 2662 ||| IDENTIFYING sedimented cyan potion
  2663 | D:4      | 2663 ||| DRINKING potion of experience.
  2663 | D:4      | Reached skill level 11 in Axes
  2663 | D:4      | Reached XP level 7. HP: 41/41 MP: 7/7
  2672 | D:5      | Entered Level 5 of the Dungeon
  2864 | D:5      | Found a sparkling altar of Nemelex Xobeh.
  2884 | D:5      | Found an opulent altar of Gozag.
  2938 | D:5      | Reached XP level 8. HP: 46/46 MP: 8/8
  3034 | D:5      | Identified the +7 mace "Eviscerator" {flame, rF+}
  3645 | D:5      | 3645 ||| READING scroll labelled IDDILO GUTONG.
  3646 | D:5      | 3646 ||| READING scroll labelled APPOUV BOQEMP.
  3647 | D:5      | 3647 ||| READING scroll labelled JUAMYAN YDDITS.
  3914 | D:6      | Found a radiant altar of Vehumet.
  3915 | D:6      | 3915 ||| Stepping ~*~*~tactically~*~*~ (hiding).
  3917 | D:6      | 3917 ||| Stepping ~*~*~tactically~*~*~ (hiding).
  3987 | D:6      | 3987 ||| Stepping ~*~*~tactically~*~*~ (hiding).
  4042 | D:6      | Found a staircase to the Ecumenical Temple.
  4043 | D:6      | 4043 ||| PLANNING TEMPLE
  4043 | D:6      | 4043 ||| DRINKING 2 yellow potions.
  4044 | D:6      | 4044 ||| READING 2 scrolls of identify.
  4044 | D:6      | 4044 ||| IDENTIFYING fuming blue potion
  4050 | Temple   | Entered the Ecumenical Temple
  4316 | Temple   | 4316 ||| PLANNING D:1-11
  4372 | D:6      | 4372 ||| Stepping ~*~*~tactically~*~*~ (hiding).
  4396 | D:6      | 4396 ||| FLEEEEING.
  4397 | D:6      | 4397 ||| FLEEEEING.
  4513 | D:6      | 4513 ||| Stepping ~*~*~tactically~*~*~ (hiding).
  4715 | D:6      | 4715 ||| Stepping ~*~*~tactically~*~*~ (stealth).
  4727 | D:6      | 4727 ||| Stepping ~*~*~tactically~*~*~ (stealth).
  4728 | D:6      | 4728 ||| Stepping ~*~*~tactically~*~*~ (stealth).
  4729 | D:6      | 4729 ||| Stepping ~*~*~tactically~*~*~ (stealth).
  4817 | D:6      | Reached XP level 9. HP: 51/51 MP: 9/9
  4846 | D:6      | Reached skill level 9 in Shields
  4999 | D:6      | 4999 ||| READING 3 scrolls of identify.
  4999 | D:6      | 4999 ||| IDENTIFYING silvery potion
  5000 | D:6      | 5000 ||| READING 2 scrolls of identify.
  5000 | D:6      | 5000 ||| IDENTIFYING viscous coppery potion
  5059 | D:7      | 5059 ||| Stepping ~*~*~tactically~*~*~ (stealth).
  5060 | D:7      | Found a large runed translucent door.
  5060 | D:7      | Found a large runed translucent door.
  5076 | D:7      | Noticed a kobold demonologist
  5081 | D:7      | 5081 ||| Stepping ~*~*~tactically~*~*~ (hiding).
  5082 | D:7      | 5082 ||| Stepping ~*~*~tactically~*~*~ (hiding).
  5251 | D:7      | Found a large runed translucent door.
  5251 | D:7      | Found a large runed translucent door.
  5277 | D:7      | 5277 ||| Stepping ~*~*~tactically~*~*~ (hiding).
  5283 | D:7      | Reached skill level 1 in Dodging
  5289 | D:7      | Found a white marble altar of Elyvilon.
  5849 | D:7      | 5849 ||| Stepping ~*~*~tactically~*~*~ (hiding).
  5850 | D:7      | 5850 ||| Stepping ~*~*~tactically~*~*~ (hiding).
  5877 | D:7      | Noticed a cyclops
  5883 | D:7      | HP: 11/52 [cyclops (15)]
  5884 | D:7      | 5884 ||| READING 4 scrolls of teleportation.
  5885 | D:7      | Killed a cyclops
  5886 | D:7      | Reached XP level 10. HP: 13/59 MP: 10/10
  5887 | D:7      | 5887 ||| READING 3 scrolls of teleportation.
  6132 | D:7      | Noticed a two-headed ogre
  6153 | D:7      | HP: 7/59 [two-headed ogre/+0 giant club (9)]
  6154 | D:7      | 6154 ||| READING 2 scrolls of teleportation.
  6155 | D:7      | HP: 3/59 [two-headed ogre/+0 giant club (4)]
  6155 | D:7      | Mangled by a two-headed ogre

Levels and vault maps discovered:
D:1:      spicycebolla_arrival_risky_transporter, layout_basic, st_stairs_8,
          nicolae_concentric_dashed_squares_mild, minivault_24,
          chequers_serial_rivers_marsh, kennysheep_another_room
D:2:      layout_rooms, serial_shops, nicolae_shop_rolled_up,
          kennysheep_generic_room_12
D:3:      layout_basic, tso_metal_star, grunt_qazlal_sundering,
          hellmonk_ecumenical_altar_inner_sanctum
D:4:      layout_basic, gammafunk_ghost_gnarly_gnolls,
          amcnicky_mini_corridor_feature
D:5:      layout_basic, nemelex_diamond_rough_becter, grunt_gozag_statues
D:6:      layout_cave_pods, vehumet_altar_wand_db, minmay_temple_entry_wispy,
          serial_bayou_pond_b
D:7:      layout_loops_cross, elyvilon_altar_4, minmay_hollow_rounded_squares
Temple:   compressed_dpeg_triangle_lava_temple

Skill      XL: |  1  2  3  4  5  6  7  8  9 |
---------------+----------------------------+-----
Axes           | 2 3 11 | 11.9
Shields        | 5 6 7 8 10 | 10.4
Fighting       | 5 |  5.5
Dodging        | 1 |  1.3
Armour         | |  3.2

Action                     |  1- 3 |  4- 6 |  7- 9 | 10-12 || total
---------------------------+-------+-------+-------+-------++-------
  Melee: War axe           |   111 |    95 |   245 |    36 ||   487
    Use: Scroll            |     1 |    11 |     7 |     2 ||    21
         Potion            |       |     2 |     1 |       ||     3
 Armour: Scale mail        |    51 |    30 |       |       ||    81
         Chain mail        |       |    22 |    85 |    23 ||   130
  Dodge: Dodged            |    47 |    17 |    34 |    10 ||   108
  Block: Buckler           |    15 |       |       |       ||    15
         Tower shield      |    31 |    58 |   177 |    34 ||   300

Table legend:
 A = Non-vault XP
 B = Vault XP
 C = Vault XP percentage of total XP
 D = Non-vault monster count
 E = Vault monster count
 F = Vault count percentage of total count
                 A         B        C        D         E       F
            +---------+---------+-------+---------+---------+-------
      Total |    3364 |    1321 |  28.2 |     128 |      17 |  11.7
            +---------+---------+-------+---------+---------+-------
        D:1 |      49 |       2 |   3.9 |      22 |       1 |   4.3
        D:2 |      43 |       4 |   8.5 |      11 |       2 |  15.4
        D:3 |     152 |       0 |   0.0 |      21 |       0 |   0.0
        D:4 |     255 |       0 |   0.0 |       8 |       0 |   0.0
        D:5 |     573 |       0 |   0.0 |      22 |       0 |   0.0
        D:6 |     826 |     281 |  25.4 |      21 |       5 |  19.2
        D:7 |    1466 |    1034 |  41.4 |      23 |       9 |  28.1
            +---------+---------+-------+---------+---------+-------
